 Dungeon Crawl Stone Soup version 0.31-a0-5-g84e6b3452c (webtiles) character file.

Game seed: 5920419160914835302

4 Essalna the Firebug (level 1, 14/14 HPs)
             Began as a Demonspawn Fire Elementalist on May 5, 2023.
             Was a Follower of Nemelex Xobeh.
             Got out of the dungeon alive.
             The game lasted 00:00:35 (248 turns).

Essalna the Firebug (Demonspawn Fire Elementalist)   Turns: 248, Time: 00:00:35

Health: 14/14      AC:  2    Str:  8    XL:     1   Next: 50%
Magic:  3/3        EV: 12    Int: 16    God:    Nemelex Xobeh [*.....]
Gold:   0          SH:  0    Dex: 13    Spells: 3/4 levels left

rFire   . . .        (no weapon)
rCold   . . .        (no shield)
rNeg    . . .        a - +0 robe
rPois   .            (no helmet)
rElec   .            (no cloak)
rCorr   .            (no gloves)
SInv    .            (no boots)
Will    .....        (no amulet)
Stlth   ++           (no ring)
HPRegen 0.22/turn    (no ring)
MPRegen 0.08/turn

%: no passive effects
@: no status effects
A: no striking features
a: Renounce Religion, Draw Escape, Draw Destruction, Draw Summoning


You escaped.
You worshipped Nemelex Xobeh.
Nemelex Xobeh was aware of your devotion.
You visited 1 branch of the dungeon, and saw 1 of its levels.

Inventory:

Armour
 a - a +0 robe (worn)
Scrolls
 c - 3 scrolls of teleportation {unknown}
Potions
 b - a potion of magic


   Skills:
 + Level 0.4 Fighting
 - Level 1.7 Dodging
 - Level 1.7 Stealth
 - Level 2.0 Spellcasting
 + Level 1.2 Conjurations
 + Level 2.8 Fire Magic


You had 3 spell levels left.
You knew the following spells:

 Your Spells              Type           Power      Damage    Failure   Level
a - Foxfire               Conj/Fire      32%        2x1d5     9%          1

Your spell library contained the following spells:

 Spells                   Type           Power      Damage    Failure   Level
 Scorch                   Fire           20%        2d6       10%         2
 Inner Flame              Hex/Fire       6%         N/A       34%         3
 Volatile Blastmotes      Fire/Tloc      12%        2d11      34%         3
 Flame Wave               Conj/Fire      8%         2d5       65%         4


Dungeon Overview and Level Annotations

Branches:
Dungeon (1/15)

Altars:
Nemelex Xobeh


Message History

You conjure some foxfire!
The giant cockroach barely misses you.
You are out of magic!
You are out of magic!
You hit the giant cockroach but do no damage.
The giant cockroach is heavily wounded.
The foxfire hits the giant cockroach but does no damage.
The giant cockroach is heavily wounded.
The foxfire hits the giant cockroach.
The giant cockroach is almost dead.
The giant cockroach barely misses you.
You hit the giant cockroach but do no damage.
The giant cockroach is severely wounded.
The giant cockroach barely misses you.
You hit the giant cockroach but do no damage.
Your punch misses the giant cockroach.
The giant cockroach is severely wounded.
The giant cockroach bites you but does no damage.
The giant cockroach bites you.
You closely miss the giant cockroach.
The giant cockroach is severely wounded.
The giant cockroach bites you.
You hit the giant cockroach.
You kill the giant cockroach!
Your magical contamination has completely faded away.
c - 2 scrolls labelled JORAHU HITSU (gained 1)
Found a scroll labelled JORAHU HITSU.
There is a faded altar of an unknown god here.
This altar belongs to (a) Nemelex Xobeh, (b) Vehumet or (c) Ashenzari, but you can't tell which.
Press the corresponding letter to learn more about a god, or press enter to convert or escape to cancel.
Nemelex Xobeh accepts your prayer! Nemelex Xobeh welcomes you!
You can now draw from decks of power.
Nemelex will now gift you decks of power as you gain piety.
c - 3 scrolls labelled JORAHU HITSU (gained 1) Key pressed, stopping explore.
Okay, then.
You see here a giant cockroach corpse.
There is a staircase leading out of the dungeon here.
You can't go down here!
Are you sure you want to leave the Dungeon?
This will make you lose the game!
You have escaped!

#############.#
........#...#.#
########.#.#.#.#
#....@...#.#.#.#
#.########.#.#.#
#..........#.#.#
############.#.#
..........#
.#.######.# #.#
#.# #.#


There were no monsters in sight!

Vanquished Creatures
  An endoplasm (D:1)
  2 giant cockroaches (D:1)
3 creatures vanquished.

Vanquished Creatures (others)
  9 foxfires (D:1)
9 creatures vanquished.

Grand Total: 12 creatures vanquished

Notes
Turn   | Place    | Note
-------+----------+-------------------------------------------
     0 | D:1      | Essalna the Demonspawn Fire Elementalist began the quest
                  | for the Orb.
     0 | D:1      | Reached XP level 1. HP: 13/13 MP: 3/3
   122 | D:1      | Found a faded altar of an unknown god.
   144 | D:1      | Prayed at the altar of an unknown god.
   144 | D:1      | Became a worshipper of Nemelex Xobeh the Trickster
   144 | D:1      | Reached * piety under Nemelex Xobeh
   248 | D:$      | Got out of the dungeon alive.

Illustrated notes

Levels and vault maps discovered:
D:1:      matt_arrival_spirals, layout_basic, hellmonk_ecumenical_altar_run_dry,
          nicolae_concentric_dashed_squares_mild

Action                     || total
---------------------------++-------
  Melee: Unarmed           ||     5
   Cast: Foxfire           ||     6
 Armour: Robe              ||     1
  Dodge: Dodged            ||     3

Table legend: (Time is in decaauts)
 A = Elapsed time spent in this place.
 B = Non-inter-level travel time spent in this place.
 C = Inter-level travel time spent in this place.
 D = Time resting spent in this place.
 E = Time spent auto-exploring this place.
 F = Levels seen in this place.
 G = Mean time per level.
                   A        B        C        D        E       F      G
               +--------+--------+--------+--------+--------+-----+--------+
         Total |    248 |    186 |     62 |      0 |    148 |   1 |  248.0 |
       Dungeon |    248 |    186 |     62 |      0 |    148 |   1 |  248.0 |
               +--------+--------+--------+--------+--------+-----+--------+

Top non-repeatable levels by time:
     D:1: 248 daAuts
